 Dungeon Crawl Stone Soup version 0.32-a0-913-g739538afd8 (webtiles) character file.

Game seed: 4662911544694727464

236 Foxy the Cudgeller (level 6, -1/72 HPs)
             Began as a Coglin Berserker on Apr 8, 2024.
             Was a Priest of Trog.
             Slain by Blork the orc
             ... wielding a +0 long sword
              (6 damage)
             ... on level 4 of the Dungeon.
             The game lasted 00:03:35 (2849 turns).

Foxy the Cudgeller (Coglin Berserker)               Turns: 2849, Time: 00:03:36

Health: -1/72      AC:  2    Str: 19    XL:     6   Next: 6%
Magic:  6/6        EV: 12    Int:  6    God:    Trog [***...]
Gold:   108        SH:  0    Dex: 14    Spells: 5/5 levels left

rFire   + . .        a - +0 mace {Sofian}
rCold   . . .        j - +0 hand axe {Elena}
rNeg    . . .        o - +0 robe "Apunlox" {rF+}
rPois   .            (no helmet)
rElec   .            (no cloak)
rCorr   .            (no gloves)
SInv    .            (no boots)
Will    .....        (amulet unavailable) Stlth
                     (ring unavailable)
HPRegen 0.32/turn    (ring unavailable)
MPRegen 0.10/turn    (no gizmo)

%: no passive effects
@: berserking, revved, very quick
A: off-hand wielding, slow wielding, warmup strikes, no jewellery
a: Invent Gizmo, Renounce Religion, Berserk, Trog's Hand


You were on level 4 of the Dungeon.
You worshipped Trog.
Trog was most pleased with you.
You visited 1 branch of the dungeon, and saw 4 of its levels.

You collected 108 gold pieces.

Inventory:

Hand Weapons
 a - a +0 mace (weapon) {Sofian}
 e - a +0 whip {Luis}
 j - a +0 hand axe (offhand) {Elena}
Armour
 o - the +0 robe "Apunlox" (worn) {rF+}
   (You found it on level 3 of the Dungeon)

   rF+:       It protects you from fire.
Wands
 n - a wand of roots (8)
Scrolls
 c - 3 scrolls of teleportation {unknown}
 d - 3 scrolls of identify {unknown}
 g - a scroll of enchant armour {unknown}
 i - a scroll of enchant weapon {unknown}
 l - a scroll of butterflies {unknown}
 m - a scroll of blinking {unknown}
Potions
 f - a potion of might {unknown}
 h - 2 potions of mutation {unknown}
 k - a potion of invisibility {unknown}


   Skills:
 + Level 3.9 Fighting
 * Level 2.1(3.7) Axes
 * Level 4.3(4.5) Maces & Flails
 - Level 1.7 Armour
 + Level 2.9 Dodging


You had 5 spell levels left.
You didn't know any spells.
Your spell library was empty.

Dungeon Overview and Level Annotations

Branches:
Dungeon (4/15)
 Temple: D:4-7

Altars:
The Shining One

Annotations:
D:2 1 runed translucent door, Crazy Yiuf
D:4 Blork the orc, Menkaure


Innate Abilities, Weirdness & Mutations

You can wield a second weapon in your off-hand.
It takes a long time for you to wield or remove held weapons.
Your first few attacks do less damage.
You cannot equip rings or amulets.


Message History

Blork the orc barely misses you.
Blork the orc hits you with a +0 long sword.
An adder comes into view.
You hit Blork the orc with your +0 hand axe.
Blork the orc is lightly wounded.
You hit Blork the orc with your +0 mace.
Blork the orc barely misses you.
Blork the orc hits you with a +0 long sword.
You slash Blork the orc with your +0 hand axe!
Blork the orc is heavily wounded.
You barely miss Blork the orc with your +0 mace.
Blork the orc begins to cast a cantrip, but forgets the words!
The adder closely misses you.
You barely miss Blork the orc with your +0 hand axe.
Blork the orc is heavily wounded.
You closely miss the adder with your +0 hand axe.
You hit Blork the orc but do no damage.
Blork the orc hits you with a +0 long sword!
The adder closely misses you. Blork the orc barely misses you.
You are too injured to fight recklessly!
You are too injured to fight recklessly!
Unknown command.
You are too injured to fight recklessly!
You closely miss Blork the orc with your +0 mace.
Blork the orc is heavily wounded.
You slash Blork the orc with your +0 hand axe!
You hit the adder with your +0 hand axe.
The adder closely misses you.
Blork the orc points at you and mumbles some strange words.
The puff of frost hits you!
* * * LOW HITPOINT WARNING * * *
The adder bites you.
* * * LOW HITPOINT WARNING * * *
Blork the orc hits you with a +0 long sword!
* * * LOW HITPOINT WARNING * * *
A red film seems to cover your vision as you go berserk!
You feel yourself moving faster!
You feel mighty!
Blork the orc hits you with a +0 long sword.
You die...
Blork the orc shouts, "I believe in me!"

....##...###.
.....#..........
#...#..........
#.#.............
#...<..## .....
#..##...# ...# #.
##..###..# ..
##....S# #.
#.....@# #
......#...oS.....
........##.#...###
###....# ..#....#
#.....# ..# .....
............ .....
##..... ..(. ....
... ...... ....


You could see Blork the orc (fast) and 2 adders.

Vanquished Creatures
  A bombardier beetle (D:3)
  A sleepcap (D:3)
  Natasha (thrice) (D:3)
  A gnoll (D:1)
  2 adders (D:3)
  A dart slug (D:3)
  3 ribbon worms (D:3)
  2 ball pythons (D:2)
  5 endoplasms
  9 giant cockroaches
  5 goblins
  3 hobgoblins
  2 jackals (D:2)
  5 kobolds
  6 quokkas
  7 bats
  4 frilled lizards
  7 rats
67 creatures vanquished.

Notes
Turn   | Place    | Note
-------+----------+-------------------------------------------
     0 | D:1      | Foxy the Coglin Berserker began the quest for the Orb.
     0 | D:1      | Reached XP level 1. HP: 18/18 MP: 1/1
    18 | D:1      | Reached skill level 3 in Maces & Flails
    18 | D:1      | Reached XP level 2. HP: 18/24 MP: 2/2
   249 | D:1      | Reached XP level 3. HP: 25/29 MP: 3/3
   901 | D:2      | Reached ** piety under Trog
  1097 | D:2      | You fall into a shaft and drop 1 floor!
  1390 | D:2      | Reached XP level 4. HP: 35/35 MP: 4/4
  1827 | D:2      | Found a runed translucent door.
  1828 | D:2      | Noticed Crazy Yiuf
  1932 | D:3      | Noticed Natasha
  1940 | D:3      | Killed Natasha
  2102 | D:3      | Identified the +3 scale mail "Ramnol" {Dex+8 Slay-4}
  2129 | D:3      | Reached skill level 1 in Axes
  2129 | D:3      | Reached skill level 4 in Maces & Flails
  2129 | D:3      | Reached XP level 5. HP: 41/42 MP: 5/5
  2131 | D:3      | Noticed Natasha
  2138 | D:3      | Killed Natasha
  2138 | D:3      | Reached *** piety under Trog
  2170 | D:3      | Noticed Natasha
  2174 | D:3      | Killed Natasha
  2206 | D:3      | Found a glowing golden altar of the Shining One.
  2374 | D:3      | Reached XP level 6. HP: 43/48 MP: 6/6
  2430 | D:3      | Identified the +0 robe "Apunlox" {rF+}
  2773 | D:4      | Noticed Menkaure
  2838 | D:4      | Noticed Blork the orc
  2849 | D:4      | Slain by Blork the orc

Illustrated notes

Levels and vault maps discovered:
D:1:      co_arrival_square_in_a_square_in_a_square, layout_basic
D:2:      minmay_roachtagon, layout_loops_ring, nicolae_figureground_pulse,
          uniq_crazy_yiuf_cottage
D:3:      layout_loops_ring, mainiacjoe_overflow_boulevard, nicolae_wormholes,
          uniq_natasha
D:4:      layout_cave_pools, serial_shops, nicolae_shop_behind_doors,
          gammafunk_ghost_arena, uniq_menkaure, uniq_blork_the_orc

Skill      XL: |  1  2  3  4  5 |
---------------+----------------+-----
Maces & Flails | 3 4 |  4.3
Dodging        | 2 |  2.9
Axes           | 1 2 |  2.1
Fighting       | |  3.9
Armour         | |  1.7

Action                     |  1- 3 |  4- 6 || total
---------------------------+-------+-------++-------
  Melee: Mace              |    70 |    77 ||   147
         Dagger            |     5 |       ||     5
         Whip              |    61 |    16 ||    77
         Hand axe          |       |    59 ||    59
 Invoke: Berserk           |       |     2 ||     2
   Stab: Sleeping          |     2 |     2 ||     4
 Armour: Animal skin       |    40 |    39 ||    79
         Robe              |       |    10 ||    10
  Dodge: Dodged            |    55 |    58 ||   113

Table legend: (Time is in decaauts)
 A = Elapsed time spent in this place.
 B = Non-inter-level travel time spent in this place.
 C = Inter-level travel time spent in this place.
 D = Time resting spent in this place.
 E = Time spent auto-exploring this place.
 F = Levels seen in this place.
 G = Mean time per level.
                   A        B        C        D        E       F      G
               +--------+--------+--------+--------+--------+-----+--------+
         Total |   2880 |   2648 |    232 |    309 |   1842 |   4 |  720.0 |
       Dungeon |   2880 |   2648 |    232 |    309 |   1842 |   4 |  720.0 |
               +--------+--------+--------+--------+--------+-----+--------+

Top non-repeatable levels by time:
     D:3: 1246 daAuts
     D:1: 814 daAuts
     D:2: 804 daAuts
     D:4: 15 daAuts
